 Dungeon Crawl Stone Soup version 0.30-a0-723-gc1506a1cf0 (webtiles) character file.

Game seed: 6738044504612076092

31063 Leeroy the Thaumaturge (level 13, -1/74 (82) HPs)
             Began as a Gnoll Warper on Jan 28, 2023.
             Was a High Priest of Okawaru.
             Slain by a death yak (18 damage)
             ... on level 4 of the Lair of Beasts.
             The game lasted 00:42:57 (16479 turns).

Leeroy the Thaumaturge (Gnoll Warper)              Turns: 16479, Time: 00:42:58

HP:   -1/74 (82)    AC:  8    Str: 10    XL:     13   Next: 55%
MP:   0/27          EV: 20    Int: 13    God:    Okawaru [*****.]
Gold: 823           SH:  8    Dex: 23    Spells: 8/32 levels left

rFire   . . .      SeeInvis +    D - +7 Throatcutter {drain, coup de grace}
rCold   . . .      Faith    .    g - +1 buckler
rNeg    + . .      Spirit   +    F - +1 robe "Put-Me-On" {Archmagi}
rPois   .          Reflect  .    y - +2 helmet
rElec   .          Harm     +    f - scarf {+Inv}
rCorr   .          Rampage  +    (no gloves)
Will    .....      Archmagi +    Z - +0 pair of boots of Wu Jian's Castigation {Harm Rampage rN+}
Stlth   ++++                     P - amulet of guardian spirit
HPRegen 0.32/turn                R - ring of see invisible
MPRegen 0.20/turn                X - +6 ring of dexterity

@: very slightly contaminated, drained, invisible, unable to drink
A: fangs 1, strong nose, distributed training, frail 2, inability to drink after
injury 1
a: Renounce Religion, Evoke Invisibility, Heroism, Finesse, Duel


You were on level 4 of the Lair of Beasts.
You worshipped Okawaru.
Okawaru was extremely pleased with you.
You visited 3 branches of the dungeon, and saw 13 of its levels.
You also visited: Gauntlet.

You collected 959 gold pieces.
You spent 136 gold pieces at shops.

Inventory:

Hand Weapons
 D - the +7 Throatcutter (weapon) {drain, coup de grace}
   (You took it off Terence on level 2 of the Dungeon)
 E - a +9 great sword of freezing
 H - a +6 trident of distortion
 V - a +5 scimitar of flaming
Missiles
 b - 4 curare-tipped darts
 d - 5 boomerangs of dispersal
 i - 8 poisoned darts
 m - 6 atropa-tipped darts (quivered)
 K - 10 javelins
 T - 3 silver javelins
Armour
 f - a scarf of invisibility (worn)
 g - a +1 buckler (worn)
 o - the +1 leather armour of Fashionability {-Tele Rampage rF+++ Slay-5}
   (You found it on level 8 of the Dungeon)

   Slay:      It affects your accuracy & damage with ranged weapons and melee
   (-5).
   rF:        It renders you almost immune to fire.
   -Tele:     It prevents most forms of teleportation.
   Rampage:   It bestows one free step when moving towards enemies.
 y - a +2 helmet (worn)
 F - the +1 robe "Put-Me-On" (worn) {Archmagi}
   (You found it on level 2 of the Dungeon)

   Archmagi:  It increases the power of your magical spells.
 M - a +2 hat of willpower
 U - +0 swamp dragon scales
 W - the +0 ring mail of Moral Flaws {rElec rCorr Str+5 Int-4}
   (You found it on level 6 of the Dungeon)

   Str:       It affects your strength (+5).
   Int:       It affects your intelligence (-4).
   rElec:     It insulates you from electricity.
   rCorr:     It protects you from acid and corrosion.
 Y - a +2 scale mail of cold resistance
 Z - the +0 pair of boots of Wu Jian's Castigation (worn) {Harm Rampage rN+}
   (You found it in a Gauntlet)

   rN:        It protects you from negative energy.
   Harm:      It increases damage dealt and taken.
   Rampage:   It bestows one free step when moving towards enemies.
Magical Staves
 e - a staff of fire
Jewellery
 a - a +5 ring of evasion
 l - a ring of resist corrosion
 P - an amulet of guardian spirit (around neck)
 Q - the ring "Fezxung" {*Corrode rN+ MP+9 Dex+5 Slay-4}
   (You found it on level 5 of the Dungeon)

   [ring of magical power]

   Dex:       It affects your dexterity (+5).
   Slay:      It affects your accuracy & damage with ranged weapons and melee
   (-4).
   rN:        It protects you from negative energy.
   MP:        It affects your magic capacity (+9).
   *Corrode:  It may corrode you when you take damage.
 R - a ring of see invisible (left hand)
 S - a +6 ring of intelligence
 X - a +6 ring of dexterity (right hand)
Wands
 A - a wand of roots (22)
 C - a wand of flame (16)
 I - a wand of acid (7)
Scrolls
 h - 4 scrolls of amnesia
 j - 2 scrolls of magic mapping
 n - 3 scrolls of silence
 u - 2 scrolls of fear
 w - 4 scrolls of teleportation
 O - a scroll of torment
Potions
 c - 3 potions of brilliance
 k - a potion of haste
 p - 2 potions of invisibility {unknown}
 q - a potion of degeneration {unknown}
 r - a potion of heal wounds
 t - 8 potions of curing
 v - 3 potions of magic
 x - a potion of flight {unknown}
 z - 3 potions of mutation {unknown}
 B - 4 potions of berserk rage {unknown}
 G - 3 potions of might {unknown}
 J - 2 potions of lignification {unknown}
 L - 5 potions of attraction {unknown}
 N - 5 potions of cancellation
Miscellaneous
 s - a phial of floods


   Skills:
 + Level 9.9 Fighting
 + Level 8.7 Short Blades
 + Level 9.9 Long Blades
 + Level 8.7 Axes
 + Level 8.7 Maces & Flails
 + Level 8.7 Polearms
 + Level 8.7 Staves
 + Level 8.7 Ranged Weapons
 + Level 9.1 Throwing
 + Level 9.1 Armour
 + Level 9.9 Dodging
 + Level 8.7 Stealth
 + Level 8.7 Shields
 + Level 8.7 Unarmed Combat
 + Level 10.1 Spellcasting
 + Level 7.2 Conjurations
 + Level 7.2 Hexes
 + Level 7.2 Summonings
 + Level 7.2 Necromancy
 + Level 9.2 Translocations
 + Level 7.2 Transmutations
 + Level 7.2 Fire Magic
 + Level 7.2 Ice Magic
 + Level 7.2 Air Magic
 + Level 7.2 Earth Magic
 + Level 7.2 Poison Magic
 + Level 9.5 Invocations
 + Level 8.7 Evocations


You had 8 spell levels left.
You knew the following spells:

 Your Spells              Type           Power      Damage    Failure   Level
a - Blink                 Tloc           90%        N/A       1%          2
b - Teleport Other        Tloc           45%        N/A       1%          3
c - Vhi's Electric Charg  Tloc/Air       82%        N/A       1%          3
d - Manifold Assault      Tloc           45%        N/A       3%          4
e - Petrify               Tmut/Erth      38%        N/A       7%          4
f - Gell's Gravitas       Tloc           45%        N/A       1%          3
g - Yara's Violent Unrav  Hex/Tmut       19%        3d9       19%         5

Your spell library contained the following spells:

 Spells                   Type           Power      Damage    Failure   Level
 Lesser Beckoning         Tloc           90%        N/A       1%          2
 Sublimation of Blood     Necr           38%        N/A       1%          2
 Blade Hands              Tmut           19%        N/A       19%         5
 Irradiate                Conj/Tmut      19%        3d18      19%         5
 Iron Shot                Conj/Erth      19%        9d4       71%         6
 Enfeeble                 Hex            19%        N/A       99%         7
 Animate Armour           Summ/Erth      Unusable   N/A       N/A         4

Dungeon Overview and Level Annotations

Branches:
Dungeon (8/15)             Temple (1/1) D:6            Lair (4/5) D:8
 Shoals (0/4) Lair:2        Snake (0/4) Lair:3      Gauntlet (visited)
  Slime: Lair:4-5

Altars:
Ashenzari
Cheibriados
Dithmenos
Elyvilon
Fedhas
Gozag
Hepliaklqana
Kikubaaqudgha
Makhleb
Nemelex Xobeh
Okawaru
Qazlal
Ru
Sif Muna
Uskayaw
Vehumet
Wu Jian
Xom
Yredelemnul
Zin
The Shining One

Shops:
D:5 :   D:8 *

Annotations:
Lair:1 exclusion: oklob plant
Lair:2 1 runed translucent door, Dirtsage's ghost, journeyman OpTm


Innate Abilities, Weirdness & Mutations

You have very sharp teeth.
Your uncanny sense of smell can sniff out nearby items.
Your experience applies equally to all skills.
You are very frail. (-20% HP)
You occasionally lose the ability to drink potions when taking damage.


Message History

The death yak is heavily wounded.
The death yak gores you!
You slash the death yak! You drain the death yak.
The death yak is severely wounded.
You block the death yak's attack. The death yak gores you!
The death yak attacks as you move away! The death yak gores you.
You barely miss the death yak.
The death yak is moderately wounded.
The death yak gores you!
You feel threatened and lose the ability to drink potions!
The death yak gores you!
* * * LOW HITPOINT WARNING * * *
Okay, then.
Casting: Manifold Assault (dangerous; 3% risk of failure)
Confirm with . or Enter, or press ? or * to list all spells.
You feel a surge of power!
You blink.
Found 5 gold pieces.
You feel stable enough to blink again. The death yak attacks as you move away!
The death yak completely misses you. The death yak attacks as you move away!
You block the death yak's attack.
Okay, then.
You cannot drink potions in your current state!
Unknown command.
As you read the scroll of fear, it crumbles to dust.
You assume a fearsome visage.
The death yak resists with some effort. x2; The death yak closely misses you.
Okay, then.
Casting: Blink (safe; 1% risk of failure)
Confirm with . or Enter, or press ? or * to list all spells.
Okay, then.
You cannot drink potions in your current state!
Unknown command.
Okay, then.
You feel drained.
You fade into invisibility!
You are very lightly contaminated with residual magic.
The death yak misses you. The death yak gores you!
You die...

#........
#...$.....
..........
#.......#
........##..#
#...........
#.Y.....##.###
#@#.....#..#.# #..
##Y.....#....##...
#.....#..........
##...............†
#.................
##.....#..>.......
#....##..........
#....†###.........
##..... ##.(......


You could see 2 death yaks.

Vanquished Creatures
  A minotaur (Gauntlet)
  A catoblepas (Lair:1)
  3 hydras
  A two-headed ogre (D:8)
  Erica (Lair:1)
  5 death yaks
  A hell hog (Gauntlet)
  2 wolf spider zombies (D:7)
  A manticore (Lair:2)
  2 centaur zombies (D:7)
  4 black mambas
  3 centaur skeletons (D:7)
  7 cane toads
  Maggie (D:6)
  A rime drake (Lair:3)
  4 komodo dragons
  A troll (D:8)
  2 hellwings (D:7)
  A polar bear (Lair:2)
  A wind drake (Lair:2)
  14 blink frogs
  A wyvern (Lair:3)
  22 yaks
  4 basilisks
  2 fire bats (Gauntlet)
  A neqoxec (Gauntlet)
  2 steam dragons
  2 chaos spawn (Gauntlet)
  3 nagas (Lair:3)
  Edmund (D:4)
  A large abomination (Gauntlet)
  14 water moccasins
  2 hell hounds (Gauntlet)
  3 black bears
  2 orc warriors (D:6)
  A sky beast (D:7)
  11 wolves
  3 ogres
  2 centaurs
  5 phantoms
  A kobold brigand (D:6)
  A gnoll sergeant (D:8)
  13 bullfrogs
  A necrophage (D:5)
  2 scorpions
  3 wights
  6 small abominations (Gauntlet)
  3 electric eels (D:8)
  2 howler monkeys
  A quasit (D:8)
  7 hounds
  7 orc priests
  Jessica (D:2)
  4 iguanas
  Terence (D:2)
  6 orc wizards
  Robin (D:4)
  8 gnolls
  10 adders
  6 shadow imps
  4 white imps (D:8)
  A worm (D:3)
  5 dart slugs
  34 orcs
  6 ball pythons
  10 endoplasms
  A giant cockroach (D:1)
  15 goblins
  6 hobgoblins
  3 jackals (D:4)
  12 kobolds
  4 quokkas
  8 bats
  5 frilled lizards
  2 rats
  A butterfly (D:6)
340 creatures vanquished.

Vanquished Creatures (others)
  4 demonic plants
  14 fungi
  18 plants
  3 withered plants (D:7)
39 creatures vanquished.

Grand Total: 379 creatures vanquished

Notes
Turn   | Place    | Note
-------+----------+-------------------------------------------
     0 | D:1      | Leeroy the Gnoll Warper began the quest for the Orb.
     0 | D:1      | Reached XP level 1. HP: 20/20 MP: 6/6
   218 | D:1      | Reached XP level 2. HP: 20/26 MP: 7/7
   610 | D:1      | Reached skill level 5 in Spellcasting
   610 | D:1      | Reached XP level 3. HP: 31/31 MP: 7/9
   675 | D:1      | Found a faded altar of an unknown god.
   843 | D:2      | Noticed Jessica
   849 | D:2      | Killed Jessica
   850 | D:2      | Reached skill level 1 in Short Blades
   850 | D:2      | Reached skill level 1 in Axes
   850 | D:2      | Reached skill level 1 in Maces & Flails
   850 | D:2      | Reached skill level 1 in Polearms
   850 | D:2      | Reached skill level 1 in Staves
   850 | D:2      | Reached skill level 1 in Ranged Weapons
   850 | D:2      | Reached skill level 1 in Stealth
   850 | D:2      | Reached skill level 1 in Shields
   850 | D:2      | Reached skill level 1 in Unarmed Combat
   850 | D:2      | Reached skill level 1 in Invocations
   850 | D:2      | Reached skill level 1 in Evocations
   850 | D:2      | Reached XP level 4. HP: 37/38 MP: 11/11
   936 | D:2      | Noticed Terence
  1042 | D:2      | Found a hazy altar of Hepliaklqana.
  1125 | D:2      | Learned a level 2 spell: Blink
  1129 | D:2      | Learned a level 3 spell: Teleport Other
  1145 | D:2      | Learned a level 3 spell: Vhi's Electric Charge
  1150 | D:2      | Learned a level 4 spell: Manifold Assault
  1162 | D:2      | Reached skill level 1 in Conjurations
  1162 | D:2      | Reached skill level 1 in Hexes
  1162 | D:2      | Reached skill level 1 in Summonings
  1162 | D:2      | Reached skill level 1 in Necromancy
  1162 | D:2      | Reached skill level 1 in Transmutations
  1162 | D:2      | Reached skill level 1 in Fire Magic
  1162 | D:2      | Reached skill level 1 in Ice Magic
  1162 | D:2      | Reached skill level 1 in Air Magic
  1162 | D:2      | Reached skill level 1 in Earth Magic
  1162 | D:2      | Reached skill level 1 in Poison Magic
  1294 | D:3      | Reached XP level 5. HP: 35/43 MP: 12/12
  1973 | D:3      | Noticed an ogre
  1982 | D:3      | Killed an ogre
  1983 | D:3      | Reached skill level 5 in Fighting
  1983 | D:3      | Reached skill level 5 in Long Blades
  1983 | D:3      | Reached skill level 5 in Dodging
  1983 | D:3      | Reached XP level 6. HP: 26/51 MP: 14/14
  2665 | D:2      | Killed Terence
  2673 | D:2      | Identified the +1 robe "Put-Me-On" {Archmagi}
  2971 | D:4      | Noticed Edmund
  2973 | D:4      | Reached XP level 7. HP: 49/51 MP: 15/15
  3424 | D:4      | Noticed Robin
  3431 | D:4      | Killed Robin
  3696 | D:4      | Reached XP level 8. HP: 51/63 MP: 12/16
  3812 | D:4      | Killed Edmund
  3813 | D:4      | Reached skill level 6 in Spellcasting
  3948 | D:5      | Entered Level 5 of the Dungeon
  4151 | D:5      | Found Amoed's Book Emporium.
  4330 | D:5      | Found a shimmering altar of Xom.
  4330 | D:5      | Found an ornate altar of the Wu Jian Council.
  4522 | D:5      | Identified the ring "Fezxung" {*Corrode rN+ MP+9 Dex+5
                  | Slay-4}
  4608 | D:5      | Learned a level 4 spell: Petrify
  4652 | D:5      | You fall into a shaft and drop 1 floor!
  4934 | D:6      | Reached XP level 9. HP: 64/69 MP: 11/18
  4937 | D:6      | Noticed Maggie
  4950 | D:6      | Killed Maggie
  4951 | D:6      | Reached skill level 5 in Throwing
  4951 | D:6      | Reached skill level 5 in Armour
  5057 | D:6      | Found a staircase to the Ecumenical Temple.
  5076 | D:6      | Identified the +0 ring mail of Moral Flaws {rElec rCorr
                  | Str+5 Int-4}
  5089 | Temple   | Entered the Ecumenical Temple
  5096 | Temple   | Became a worshipper of Warmaster Okawaru
  5802 | D:7      | Reached skill level 5 in Invocations
  5829 | D:7      | Noticed a hellwing
  5931 | D:6      | Reached * piety under Okawaru
  6119 | D:7      | Noticed a hellwing
  6781 | D:7      | Reached skill level 7 in Spellcasting
  6824 | D:7      | Reached ** piety under Okawaru
  6825 | D:7      | Reached skill level 5 in Short Blades
  6825 | D:7      | Reached skill level 5 in Axes
  6825 | D:7      | Reached skill level 5 in Maces & Flails
  6825 | D:7      | Reached skill level 5 in Polearms
  6825 | D:7      | Reached skill level 5 in Staves
  6825 | D:7      | Reached skill level 5 in Ranged Weapons
  6825 | D:7      | Reached skill level 5 in Stealth
  6825 | D:7      | Reached skill level 5 in Shields
  6825 | D:7      | Reached skill level 5 in Unarmed Combat
  6825 | D:7      | Reached skill level 5 in Evocations
  6825 | D:7      | Reached XP level 10. HP: 41/77 MP: 3/20
  7407 | D:7      | Reached *** piety under Okawaru
  8080 | D:8      | Received a gift from Okawaru
  8314 | D:8      | Noticed a two-headed ogre
  8408 | D:8      | Killed a two-headed ogre
  8408 | D:8      | Reached **** piety under Okawaru
  8409 | D:8      | Reached skill level 8 in Spellcasting
  8409 | D:8      | Reached skill level 5 in Conjurations
  8409 | D:8      | Reached skill level 5 in Hexes
  8409 | D:8      | Reached skill level 5 in Summonings
  8409 | D:8      | Reached skill level 5 in Necromancy
  8409 | D:8      | Reached skill level 5 in Transmutations
  8409 | D:8      | Reached skill level 5 in Fire Magic
  8409 | D:8      | Reached skill level 5 in Ice Magic
  8409 | D:8      | Reached skill level 5 in Air Magic
  8409 | D:8      | Reached skill level 5 in Earth Magic
  8409 | D:8      | Reached skill level 5 in Poison Magic
  8409 | D:8      | Reached XP level 11. HP: 60/85 MP: 0/23
  9005 | D:8      | Found a staircase to the Lair.
  9398 | D:8      | Identified the +1 leather armour of Fashionability {-Tele
                  | Rampage rF+++ Slay-5}
  9694 | D:8      | Found Plog's General Store.
  9702 | D:8      | Bought a potion of curing for 39 gold pieces
  9702 | D:8      | Bought a scroll of enchant armour for 97 gold pieces
  9914 | Lair:1   | Entered Level 1 of the Lair of Beasts
  9914 | Lair:1   | Noticed an oklob plant
  9919 | Lair:1   | Noticed a catoblepas
  9934 | Lair:1   | Killed a catoblepas
  9962 | Lair:1   | Reached ***** piety under Okawaru
 10084 | Lair:1   | Found a gate leading to a gauntlet.
 10111 | Gauntlet | Entered a Gauntlet
 10111 | Gauntlet | Found a transporter.
 10111 | Gauntlet | Found a transporter.
 10111 | Gauntlet | Found a transporter.
 10189 | Gauntlet | Found a transporter.
 10192 | Gauntlet | Noticed a sixfirhy
 10199 | Gauntlet | Found a transporter.
 10203 | Gauntlet | Found a transporter.
 10219 | Gauntlet | Found a transporter.
 10221 | Gauntlet | Noticed an obsidian statue
 10236 | Gauntlet | Noticed a hell hog
 10240 | Gauntlet | Found a transporter.
 10258 | Gauntlet | Found a transporter.
 10262 | Gauntlet | Found a transporter.
 10276 | Gauntlet | Found a transporter.
 10276 | Gauntlet | Found a transporter.
 10315 | Gauntlet | Learned a level 3 spell: Gell's Gravitas
 10329 | Gauntlet | Received a gift from Okawaru
 10694 | Gauntlet | Gained mutation: You are frail. (-10% HP) [a neqoxec]
 10717 | Gauntlet | Gained mutation: You are very frail. (-20% HP) [a neqoxec]
 10718 | Gauntlet | Gained mutation: You occasionally lose the ability to drink
                  | potions when taking damage. [a neqoxec]
 10953 | Gauntlet | Killed a hell hog
 10954 | Gauntlet | Received a gift from Okawaru
 11042 | Gauntlet | Identified the +0 pair of boots of Wu Jian's Castigation
                  | {Harm Rampage rN+}
 11243 | Gauntlet | Noticed a minotaur
 11260 | Gauntlet | Killed a minotaur
 11684 | Lair:1   | Reached XP level 12. HP: 75/75 MP: 4/24
 12196 | Lair:1   | Noticed Erica
 12218 | Lair:1   | Killed Erica
 12219 | Lair:1   | Reached skill level 9 in Spellcasting
 12685 | Lair:2   | Noticed Dirtsage's ghost (journeyman OpTm)
 12758 | Lair:2   | Found a staircase to the Shoals.
 13245 | Lair:2   | Noticed a death yak
 13246 | Lair:2   | Noticed a death yak
 13246 | Lair:2   | Noticed a death yak
 13246 | Lair:2   | Noticed a death yak
 13292 | Lair:2   | Killed a death yak
 13318 | Lair:2   | Killed a death yak
 13331 | Lair:2   | Killed a death yak
 13335 | Lair:2   | Killed a death yak
 13459 | Lair:2   | Found a runed translucent door.
 13571 | Lair:2   | Received a gift from Okawaru
 13914 | Lair:3   | Noticed a six-headed hydra
 13918 | Lair:3   | Killed a three-headed hydra
 14392 | Lair:3   | Reached XP level 13. HP: 80/80 MP: 5/26
 15060 | Lair:3   | Found a staircase to the Snake Pit.
 15378 | Lair:3   | Learned a level 5 spell: Yara's Violent Unravelling
 15638 | Lair:3   | Received a gift from Okawaru
 15993 | Lair:4   | Reached skill level 10 in Spellcasting
 16479 | Lair:4   | Slain by a death yak

Illustrated notes

Levels and vault maps discovered:
D:1:      minmay_arrival_arboretum_small, layout_basic,
          shapermc_ecumenical_altar_petra, chequers_serial_rivers_micro_e,
          minmay_split_cup_large
D:2:      layout_loops_ring, basic_altar, uniq_jessica, uniq_terence
D:3:      minmay_recursive_quarters, layout_basic,
          chequers_serial_rivers_large_b, corexii_leaking_fountain,
          chequers_arboretum
D:4:      black_bear_nest_1, layout_basic, minmay_misc_feat_x,
          kennysheep_opposing_triangles, uniq_robin, uniq_edmund
D:5:      minmay_opposing_rooms, layout_basic, nicolae_overflow_two_pavilions,
          serial_shops, nicolae_shop_behind_doors
D:6:      layout_basic, minmay_temple_entry_butterflies, uniq_maggie
D:7:      cheibrodos_grave_circle, layout_rooms, grunt_decor_one_mirror
D:8:      layout_gridville, erik_lair_island, serial_demonic, serial_demonic_f,
          serial_demonic_d, serial_demonic_g, serial_demonic_b,
          serial_demonic_c, serial_demonic_b, serial_shops, shop_statue
Temple:   hellmonk_temple_of_storms
Lair:1:   layout_gridlike, gauntlet_entry_generic, dpeg_stationary_puzzle,
          uniq_erica
Lair:2:   layout_long_grid, minmay_shoals_entry_beasts,
          hellmonk_ghost_happy_afterlife, beast_lair_carwin_6
Lair:3:   layout_cave_shapes, minmay_snake_entry_guardpost_small
Lair:4:   layout_gridlike, slime_entry_2, lemuel_fruit_fields

Skill      XL: |  1  2  3  4  5  6  7  8  9 10 11 12 13 |
---------------+----------------------------------------+-----
Spellcasting   | 5 6 7 8 9 10 | 10.1
Short Blades   | 1 2 3 5 6 7 8 |  8.7
Axes           | 1 2 3 5 6 7 8 |  8.7
Maces & Flails | 1 2 3 5 6 7 8 |  8.7
Polearms       | 1 2 3 5 6 7 8 |  8.7
Staves         | 1 2 3 5 6 7 8 |  8.7
Ranged Weapons | 1 2 3 5 6 7 8 |  8.7
Stealth        | 1 2 3 5 6 7 8 |  8.7
Shields        | 1 2 3 5 6 7 8 |  8.7
Unarmed Combat | 1 2 3 5 6 7 8 |  8.7
Invocations    | 1 2 3 4 5 6 7 8 9 |  9.5
Evocations     | 1 2 3 5 6 7 8 |  8.7
Conjurations   | 1 2 3 4 5 6 7 |  7.2
Hexes          | 1 2 3 4 5 6 7 |  7.2
Summonings     | 1 2 3 4 5 6 7 |  7.2
Necromancy     | 1 2 3 4 5 6 7 |  7.2
Transmutations | 1 2 3 4 5 6 7 |  7.2
Fire Magic     | 1 2 3 4 5 6 7 |  7.2
Ice Magic      | 1 2 3 4 5 6 7 |  7.2
Air Magic      | 1 2 3 4 5 6 7 |  7.2
Earth Magic    | 1 2 3 4 5 6 7 |  7.2
Poison Magic   | 1 2 3 4 5 6 7 |  7.2
Throwing       | 3 4 5 6 7 8 9 |  9.1
Armour         | 3 4 5 6 7 8 9 |  9.1
Fighting       | 5 6 7 8 9 |  9.9
Long Blades    | 5 6 7 8 9 |  9.9
Dodging        | 5 6 7 8 9 |  9.9
Translocations | 6 7 8 9 |  9.2

Action                     |  1- 3 |  4- 6 |  7- 9 | 10-12 | 13-15 || total
---------------------------+-------+-------+-------+-------+-------++-------
  Melee: Falchion          |    37 |       |       |       |       ||    37
         Dagger            |    29 |   146 |       |       |       ||   175
         Bite              |     6 |    15 |    15 |    37 |    10 ||    83
         Long sword        |       |    16 |   212 |   427 |   140 ||   795
         Scimitar          |       |       |       |    40 |    24 ||    64
  Throw: Boomerang         |       |     1 |       |     1 |       ||     2
         Dart              |       |       |     4 |    16 |       ||    20
   Cast: Manifold Assault  |       |       |    28 |   109 |    62 ||   199
         Vhi's Electric Ch |       |       |     7 |    18 |       ||    25
         Blink             |       |       |     2 |     4 |     4 ||    10
 Invoke: Heroism           |       |       |       |     2 |       ||     2
         Finesse           |       |       |       |     1 |       ||     1
Ability: Evoke Invisibilit |       |     1 |       |       |     1 ||     2
    Use: Scroll            |       |     1 |     4 |    20 |     5 ||    30
         Potion            |       |       |       |     2 |     2 ||     4
   Stab: Sleeping          |     2 |     6 |     3 |     2 |     1 ||    14
         Invisible         |       |     1 |       |       |       ||     1
 Armour: Leather armour    |    23 |    17 |       |    11 |       ||    51
         Robe              |       |     4 |    34 |    39 |     6 ||    83
         Swamp dragon scal |       |       |     2 |       |       ||     2
         Scale mail        |       |       |       |     4 |       ||     4
  Dodge: Dodged            |    38 |    86 |   119 |   230 |    39 ||   512
  Block: Buckler           |     7 |    26 |    50 |   106 |    23 ||   212

Table legend: (Time is in decaauts)
 A = Elapsed time spent in this place.
 B = Non-inter-level travel time spent in this place.
 C = Inter-level travel time spent in this place.
 D = Time resting spent in this place.
 E = Time spent auto-exploring this place.
 F = Levels seen in this place.
 G = Mean time per level.
                   A        B        C        D        E       F      G
               +--------+--------+--------+--------+--------+-----+--------+
         Total |  16541 |  15997 |    544 |   3074 |   9646 |  14 | 1181.5 |
       Dungeon |   9950 |   9562 |    388 |   1684 |   5882 |   8 | 1243.8 |
        Temple |     43 |     37 |      6 |      0 |     18 |   1 |   43.0 |
          Lair |   5283 |   5133 |    150 |    799 |   3495 |   4 | 1320.8 |
      Gauntlet |   1263 |   1263 |      0 |    591 |    251 |   1 | 1263.0 |
               +--------+--------+--------+--------+--------+-----+--------+

Top non-repeatable levels by time:
     D:6: 2209 daAuts
     D:8: 1561 daAuts
  Lair:1: 1551 daAuts
  Lair:2: 1536 daAuts
     D:7: 1480 daAuts
  Lair:3: 1365 daAuts
     D:4: 1274 daAuts
Gauntlet: 1263 daAuts
     D:3: 1198 daAuts
  Lair:4: 830 daAuts
     D:1: 771 daAuts
     D:2: 745 daAuts
     D:5: 710 daAuts
  Temple: 43 daAuts
